 Dungeon Crawl Stone Soup version 0.18.1-5-g4a78601 (webtiles) character file.

820 Scarto the Shield-Bearer (level 7, -7/44 HPs)
             Began as a Gargoyle Fighter on May 9, 2016.
             Mangled by an orc warrior
             ... wielding a +0 halberd
              (21 damage)
             ... on level 6 of the Dungeon.
             The game lasted 00:08:46 (4783 turns).

Scarto the Shield-Bearer (Gargoyle Fighter)         Turns: 4783, Time: 00:08:47

Health: -7/44      AC: 18    Str: 22    XL:     7   Next: 95%
Magic:  7/7        EV:  7    Int:  8    God:
Gold:   224        SH: 15    Dex:  9    Spells: 0 memorised, 6 levels left

rFire  . . .     SeeInvis .     f - +1 mace (protect)
rCold  . . .     Gourm    .     b - +0 scale mail
rNeg   + . .     Faith    .     i - +0 large shield
rPois  ∞         Spirit   .     (no helmet)
rElec  +         Dismiss  .     (no cloak)
rCorr  .         Reflect  .     n - +0 pair of gloves
SustAt .         Harm     .     (no boots)
MR     .....                    (no amulet)
Stlth  ..........               (no ring)
                                (no ring)

@: not resistant to hostile enchantments, extremely unstealthy
A: negative energy resistance 1, electricity resistance, unbreathing,
petrification resistance, rot immunity, AC +4
a: no special abilities


You were on level 6 of the Dungeon.
You were not hungry.

You visited 1 branch of the dungeon, and saw 6 of its levels.

You collected 224 gold pieces.

Inventory:

Hand Weapons
 a - a +2 war axe
 f - a +1 mace of protection (weapon)
Missiles
 v - 2 javelins (quivered)
Armour
 b - a +0 scale mail (worn)
 i - a +0 large shield (worn)
 n - a +0 pair of gloves (worn)
Jewellery
 s - an uncursed amulet of regeneration {unknown}
Wands
 e - a wand of flame (18/48)
 m - a wand of acid (9/15)
Scrolls
 h - 2 scrolls of fear
 k - 4 scrolls of identify
 l - 2 scrolls of recharging
 o - 2 scrolls of magic mapping
 q - 2 scrolls of teleportation {unknown}
 t - 2 scrolls of remove curse
Potions
 c - a potion of curing
 d - a potion of might
 p - a potion of beneficial mutation {unknown}
 r - a potion of invisibility
Comestibles
 g - 3 beef jerkies
 j - a meat ration
 w - 2 fruits


   Skills:
 + Level 4.3 Fighting
 + Level 3.2(3.3) Axes
 + Level 1.1(2.4) Maces & Flails
 + Level 4.9 Armour
 + Level 3.0 Dodging
 + Level 1.6 Stealth
 + Level 6.4 Shields


You had 6 spell levels left.
You didn't know any spells.

Dungeon Overview and Level Annotations

Branches:
Dungeon (6/15)             Temple (0/1) D:5

Altars:
Ashenzari
Cheibriados
Dithmenos
Elyvilon
Fedhas
Qazlal
Vehumet
Yredelemnul
Zin


Innate Abilities, Weirdness & Mutations

You are resistant to torment.
Your stone body is resilient (AC +4).
You are immune to poison.
You resist negative energy.
You are resistant to electric shocks.
You can survive without breathing.
You are immune to petrification.
You are immune to rotting.


Message History

The orc warrior is healed somewhat.
You block the orc's attack.
Your shield prevents you from hitting the orc warrior.
The orc warrior is severely wounded.
The orc priest hits you but does no damage.
You block the orc warrior's attack. The orc barely misses you.
The orc priest misses you.
You hit the orc warrior.
The orc warrior is severely wounded.
You block the orc warrior's attack. You block the orc's attack.
The orc priest hits you but does no damage.
You sock the orc warrior!
The orc warrior is almost dead.
You block the orc warrior's attack. The orc barely misses you.
You block the orc priest's attack. The orc hits you but does no damage.
You block the orc warrior's attack.
Your shield and scale mail prevent you from hitting the orc warrior.
The orc warrior is almost dead.
The orc priest barely misses you. You block the orc's attack.
The orc warrior hits you with a halberd!!
You die...

#..... #.##.# #.##.#
#.##.#
##.##.###########.
#<..#.............
#..#...((....#
#....#######.######.#
#.#.## #.@o......
...#.#
.......oo.....#
###...#
.#####.#####... #...#
#.# # #...# #.# ##
#.# ... ..


You could see an orc warrior, an orc priest and an orc.

Vanquished Creatures
  2 ogres (D:5)
  A giant frog (D:6)
  A crimson imp (D:5)
  A giant frog zombie (D:5)
  2 orc priests
  4 orc wizards
  3 worker ants (D:5)
  6 gnolls
  8 adders
  A river rat (D:4)
  2 worms
  2 dart slugs (D:1)
  2 giant geckos (D:4)
  22 orcs
  8 giant cockroaches
  8 goblins
  6 hobgoblins
  13 jackals
  7 kobolds
  A quokka (D:3)
  4 ball pythons
  6 bats
  A giant gecko zombie (D:5)
  4 giant newts
  9 rats
124 creatures vanquished.

Notes
Turn   | Place    | Note
--------------------------------------------------------------
     0 | D:1      | Scarto the Gargoyle Fighter began the quest for the Orb.
     0 | D:1      | Reached XP level 1. HP: 14/14 MP: 1/1
   233 | D:1      | Reached XP level 2. HP: 17/19 MP: 2/2
   586 | D:1      | Reached XP level 3. HP: 20/23 MP: 3/3
   902 | D:2      | Reached skill level 4 in Shields
  1123 | D:2      | Reached XP level 4. HP: 25/28 MP: 4/4
  1205 | D:2      | Reached skill level 1 in Dodging
  1538 | D:3      | Found a glowing silver altar of Zin.
  1538 | D:3      | Noticed an angel
  1663 | D:3      | Reached XP level 5. HP: 13/32 MP: 5/5
  2145 | D:3      | Found a white marble altar of Elyvilon.
  2397 | D:4      | Found a shadowy altar of Dithmenos.
  2425 | D:4      | Reached skill level 5 in Shields
  2654 | D:4      | Reached XP level 6. HP: 36/38 MP: 6/6
  3067 | D:4      | Found a basalt altar of Yredelemnul.
  3108 | D:4      | Found a shattered altar of Ashenzari.
  3189 | D:4      | Found a radiant altar of Vehumet.
  3244 | D:5      | Entered Level 5 of the Dungeon
  3244 | D:5      | Found a staircase to the Ecumenical Temple.
  3650 | D:5      | Found a stormy altar of Qazlal.
  3653 | D:5      | Reached XP level 7. HP: 37/43 MP: 7/7
  3662 | D:5      | Reached skill level 1 in Stealth
  3930 | D:5      | Reached skill level 6 in Shields
  4190 | D:5      | Found a snail-covered altar of Cheibriados.
  4346 | D:5      | Found a blossoming altar of Fedhas.
  4665 | D:5      | Reached skill level 1 in Maces & Flails
  4783 | D:6      | Mangled by an orc warrior

Skill      XL: |  1  2  3  4  5  6  7 |
---------------+----------------------+-----
Axes           | 2 3 |  3.2
Shields        | 4 5 6 |  6.4
Dodging        | 1 2 3 |  3.0
Armour         | 4 |  4.9
Fighting       | 4 |  4.3
Stealth        | 1 |  1.6
Maces & Flails | 1 |  1.1

Action                   |  1- 3 |  4- 6 |  7- 9 || total
-------------------------+-------+-------+-------++-------
Melee: War axe           |   159 |   219 |    20 ||   398
       Mace              |       |       |   127 ||   127
  Use: Scroll            |     4 |     5 |       ||     9
       Potion            |       |     5 |     1 ||     6
  Eat: Bread ration      |       |     2 |     2 ||     4
Armor: Scale mail        |    73 |   110 |    76 ||   259
Dodge: Dodged            |    37 |    53 |    31 ||   121
Block: Shield            |    17 |       |       ||    17
       Large shield      |   142 |   236 |   161 ||   539
